 Dungeon Crawl Stone Soup version 0.29.1-12-g30fa7ad0bf (webtiles) character file.

Game seed: 13312033019275872568

1405 concernfroge the Ducker (level 8, -1/36 HPs)
             Began as a Felid Transmuter on Jan 15, 2023.
             Succumbed to Edmund's poison
             ... on level 5 of the Dungeon.
             The game lasted 00:21:37 (6825 turns).

concernfroge the Ducker (Felid Transmuter)          Turns: 6825, Time: 00:21:38

Health: -1/36      AC:  2    Str:  6    XL:     8   Next: 42%
Magic:  15/15      EV: 23    Int: 15    God:
Gold:   53         SH:  0    Dex: 24    Spells: 6/16 levels left
                                        Lives:  0   Deaths: 2

rFire   . . .      SeeInvis +     - Unarmed
rCold   . . .      Faith    .   (shield unavailable)
rNeg    . . .      Spirit   .   (body armour unavailable)
rPois   .          Reflect  .   (helmet unavailable)
rElec   .          Harm     .   (cloak unavailable)
rCorr   .          Rampage  .   (gloves unavailable)
Will    +....                   (boots unavailable)
Stlth   ++++......              (no amulet)
HPRegen 0.12/turn               f - +6 ring of dexterity
MPRegen 0.14/turn               (no ring)

@: mighty, lethally poisoned (-1 -> -14), wereblooded (expiring), flying, quick
A: very small, claws 1, fangs 3, see invisible, speed 1, shaggy fur 2, stealthy
paws, no weapons or thrown items, no armour, multi-lived
a: no special abilities


You were on level 5 of the Dungeon.
You visited 1 branch of the dungeon, and saw 6 of its levels.

You collected 265 gold pieces.
You spent 212 gold pieces at shops.

Inventory:

Jewellery
 f - a +6 ring of dexterity (left paw)
 u - a ring of wizardry
Scrolls
 d - 6 scrolls of teleportation
 j - a scroll of blinking
 m - a scroll of vulnerability {unknown}
 n - a scroll of summoning {unknown}
 r - a scroll of amnesia {unknown}
 t - 2 scrolls of enchant armour {unknown}
 w - 3 scrolls of magic mapping {unknown}
 x - a scroll of brand weapon {unknown}
Potions
 b - 2 potions of haste
 h - 5 potions of might
 i - a potion of magic
 p - 3 potions of resistance
 s - a potion of ambrosia {unknown}


   Skills:
 + Level 4.8 Fighting
 + Level 6.9 Dodging
 + Level 6.5 Stealth
 + Level 5.5 Unarmed Combat
 + Level 4.6 Spellcasting
 + Level 5.5 Transmutations


You had 6 spell levels left.
You knew the following spells:

 Your Spells              Type           Power      Damage    Failure   Level
a - Beastly Appendage     Tmut           40%        N/A       1%          1
b - Wereblood             Tmut           20%        N/A       2%          2
c - Spider Form           Tmut/Pois      11%        N/A       16%         3
d - Ice Form              Ice/Tmut       11%        N/A       47%         4

Your spell library contained the following spells:

 Spells                   Type           Power      Damage    Failure   Level
 Apportation              Tloc           6%         N/A       17%         1
 Necrotise                Necr           12%        1d4       17%         1
 Summon Small Mammal      Summ           12%        N/A       17%         1
 Call Canine Familiar     Summ           3%         N/A       45%         3
 Yara's Violent Unravell  Hex/Tmut       5%         3d4       83%         5
 Leda's Liquefaction      Hex/Erth       1%         N/A       86%         4
 Dragon Form              Tmut           10%        N/A       100%        7
 Necromutation            Tmut/Necr      5%         N/A       100%        8
 Portal Projectile        Hex/Tloc       Unusable   N/A       N/A         3

Dungeon Overview and Level Annotations

Branches:
Dungeon (6/15)
 Temple: D:4-7

Altars:

Shops:
D:3 :(*(   D:5 *

Annotations:
D:4 1 runed translucent door, exclusion: door, Crazy Yiuf
D:5 Blork the orc, Edmund


Innate Abilities, Weirdness & Mutations

You have sharp claws.
You have razor-sharp teeth.
You have supernaturally acute eyesight. (SInv)
You cover ground quickly. (Speed+)
You are covered in thick fur. (AC +2)
Your paws help you pounce on unaware monsters.
You are incapable of wielding weapons or throwing items.
You cannot wear armour.
You gain extra lives every three experience levels.


Message History

The grasping roots constrict Blork the orc.
Blork the orc casts a spell at you. The puff of flame hits you.
The grasping roots constrict Blork the orc!
The roots release their grip on Blork the orc.
An orc comes into view. It is wielding a +2 vorpal war axe.
Blork the orc gestures at you while chanting.
The magic dart hits you.
A kobold comes into view. It is wielding a +0 dagger.
As you read the scroll of teleportation, it crumbles to dust.
You feel strangely unstable.
You scratch the orc. Your claw misses the orc.
The orc is heavily wounded.
The orc hits you with a +2 vorpal war axe.
You claw the orc!
You feel a bit better.
You kill the orc!
Your extra speed is starting to run out.
Blork the orc looks satisfied for a moment.
Things that are here:
a +2 vorpal war axe; an orc corpse You aren't carrying any items that you can evoke.
Okay, then.
Your surroundings suddenly seem different.
Edmund the Younger comes into view.
He is wielding a +1 flail of venom.
Your primal bloodlust is almost over.
You howl as the wereblood boils in your veins!
You feel yourself slow down.
Edmund shouts!
Edmund misses you.
You scratch Edmund.
Edmund is lightly wounded.
You howl as the wereblood boils in your veins!
Edmund grinds his teeth, and then sighs.
Edmund hits you with a +1 flail of venom!
* * * LOW HITPOINT WARNING * * *
You are lethally poisoned!
It was a potion of flight.
You feel very buoyant.
You fly up into the air.
You die...

...#..#....##.####.#..#..#
##.#.......##......#.###.#
#.#......##########..#..#
#.#..##..# #.#.#.#
#........# #.)...#
###......# ##########.###
####.....# #.....# ##.##
...[.....####.....# #...#
................@@# #.#.#
..........###.....# #...#
####......###.....# ##.##
###.......###### #.#
#.##.##.# #.# ####.##.##.#
#.# #.......##.##### #.#
#.##.##..#<<...# #.#
#.##.##....###.#####.#


You could see Edmund.

Vanquished Creatures
  Pikel (D:4)
  Menkaure (D:4)
  2 black bears
  An ogre (D:4)
  A centaur (D:4)
  2 lemures (D:4)
  A phantom (D:4)
  4 scorpions
  5 killer bees (D:5)
  A howler monkey (D:2)
  A jelly (D:4)
  4 hounds (D:5)
  2 orc priests (D:3)
  3 orc wizards (D:4)
  6 adders
  A white imp (D:3)
  An ufetubus (D:4)
  2 worms (D:4)
  4 dart slugs
  13 orcs
  6 bats
  7 endoplasms
  16 giant cockroaches
  5 goblins
  3 hobgoblins
  4 jackals (D:5)
  4 kobolds
  2 quokkas
  9 ball pythons
  4 frilled lizards
  5 rats
121 creatures vanquished.

Vanquished Creatures (others)
  A plant (D:5)
1 creature vanquished.

Grand Total: 122 creatures vanquished

Notes
Turn   | Place    | Note
-------+----------+-------------------------------------------
     0 | D:1      | concernfroge the Felid Transmuter began the quest for the
                  | Orb.
     0 | D:1      | Reached XP level 1. HP: 9/9 MP: 4/4
   575 | D:1      | Reached XP level 2. HP: 12/12 MP: 4/6
   749 | D:2      | Noticed a howler monkey
   987 | D:2      | Reached skill level 1 in Stealth
  1190 | D:2      | Learned a level 2 spell: Wereblood
  1207 | D:2      | Reached XP level 3. HP: 15/15 MP: 4/7
  1347 | D:2      | Found a faded altar of an unknown god.
  1677 | D:2      | Reached XP level 4. HP: 15/19 MP: 6/8
  2044 | D:3      | Found Keimau's Weapon Emporium.
  2150 | D:3      | Reached XP level 5. HP: 14/22 MP: 6/10
  2630 | D:3      | Found Baohur's Weapon Shoppe.
  2667 | D:3      | Found Kif Ohu's Assorted Antiques.
  2688 | D:3      | Bought a scroll labelled CUOCZO FIFOKUI for 20 gold pieces
  2688 | D:3      | Bought a coppery potion for 18 gold pieces
  2688 | D:3      | Bought a dark potion for 18 gold pieces
  2688 | D:3      | Bought 2 scrolls labelled ZYTOIF SOTOIT for 40 gold pieces
  2724 | D:3      | Found Hanak's Book Boutique.
  3379 | D:3      | Bought a scroll labelled ZYTOIF SOTOIT for 20 gold pieces
  3586 | D:3      | HP: 1/23 [orc priest/+0 war axe (4)]
  3587 | D:3      | Killed from afar by an orc priest
  3588 | D:3      | Reached XP level 4. HP: -13/20 MP: 8/9
  3876 | D:4      | Reached XP level 5. HP: 23/23 MP: 6/10
  3921 | D:4      | Found a runed translucent door.
  3922 | D:4      | Noticed Crazy Yiuf
  4020 | D:4      | Noticed an ogre
  4023 | D:4      | Killed an ogre
  4087 | D:4      | Gained mutation: You are covered in thick fur. (AC +2)
                  | [Felid growth]
  4087 | D:4      | Reached XP level 6. HP: 20/27 MP: 9/11
  4627 | D:4      | Noticed Menkaure
  4633 | D:4      | Killed Menkaure
  4634 | D:4      | Reached skill level 5 in Dodging
  4634 | D:4      | Reached XP level 7. HP: 31/31 MP: 13/13
  5534 | D:5      | Entered Level 5 of the Dungeon
  5534 | D:5      | Noticed Blork the orc
  5718 | D:5      | Reached skill level 5 in Stealth
  5782 | D:5      | HP: 2/46 [poisoned by a killer bee]
  5784 | D:5      | Slain by a killer bee
  5785 | D:5      | Reached XP level 6. HP: -2/42 MP: 12/12
  5803 | D:5      | Reached XP level 7. HP: 32/32 MP: 13/13
  5820 | D:5      | Learned a level 3 spell: Spider Form
  5825 | D:5      | Learned a level 4 spell: Ice Form
  5838 | D:5      | Found Lerim's Assorted Antiques.
  5893 | D:5      | Bought a wooden wand for 96 gold pieces
  5943 | D:5      | Identified a scroll of acquirement
  5943 | D:5      | Acquired the Teachings on Variation
  5999 | D:5      | Reached skill level 5 in Unarmed Combat
  6278 | D:5      | Found a glowing drain.
  6289 | D:5      | Noticed Pikel
  6489 | D:4      | Killed Pikel
  6490 | D:4      | Reached skill level 5 in Transmutations
  6490 | D:4      | Reached XP level 8. HP: 26/36 MP: 13/15
  6754 | D:5      | HP: 1/36 [killer bee (2)]
  6817 | D:5      | Noticed Edmund
  6825 | D:5      | Succumbed to Edmund's poison

Illustrated notes

Levels and vault maps discovered:
D:1:      dpeg_arrival_arbitrary_c, layout_basic, roderic_roman_lattice
D:2:      minmay_roachtagon, layout_basic, ebering_ecumenical_altar_petrified
D:3:      minmay_razor_zed, layout_loops_ring, serial_shops, shop,
          nicolae_shop_window_shopping, nicolae_shop_stone, shop
D:4:      layout_basic, uniq_menkaure, uniq_crazy_yiuf_cottage
D:5:      corexii_shack_village, layout_loops_cross, nemelex_spade_bored_becter,
          cheibrodos_sewer_entry_drain, serial_shops,
          nicolae_shop_window_shopping, uniq_blork_the_orc, uniq_edmund,
          uniq_pikel
D:6:      layout_basic, kennysheep_orc_sif_temple,
          minmay_temple_entry_proselytizer

Skill      XL: |  1  2  3  4  5  6  7 |
---------------+----------------------+-----
Dodging        | 3 4 5 6 |  6.9
Stealth        | 1 3 4 6 |  6.5
Fighting       | 2 4 |  4.8
Transmutations | 3 4 5 |  5.5
Spellcasting   | 3 4 |  4.6
Unarmed Combat | 4 5 |  5.5

Action                   |  1- 3 |  4- 6 |  7- 9 || total
-------------------------+-------+-------+-------++-------
Melee: Unarmed           |    79 |   153 |   156 ||   388
       Headbutt          |    11 |    19 |    22 ||    52
       Bite              |     7 |    11 |    18 ||    36
       Punch             |     2 |     4 |     9 ||    15
 Cast: Beastly Appendage |    14 |    20 |    12 ||    46
       Wereblood         |     2 |    14 |     9 ||    25
Evoke: Wand              |       |     4 |     3 ||     7
  Use: Scroll            |       |       |    11 ||    11
       Potion            |       |       |     9 ||     9
 Stab: Sleeping          |     3 |    13 |     7 ||    23
       Invisible         |       |       |     1 ||     1
Armor: Skin              |     4 |     5 |    14 ||    23
Dodge: Dodged            |    56 |   105 |   181 ||   342
